 Dungeon Crawl Stone Soup version 0.28-a0-909-g796cbd3a86 (webtiles) character file.

Game seed: 16791984887351246140

688 gigimoi the Sneak (level 7, -1/41 HPs)
             Began as an Octopode Hedge Wizard on Nov 24, 2021.
             Was an Initiate of Elyvilon.
             Slain by a sky beast (5 damage)
             ... on level 5 of the Dungeon.
             The game lasted 00:26:21 (8332 turns).

gigimoi the Sneak (Octopode Hedge Wizard)           Turns: 8332, Time: 00:26:21

Health: -1/41      AC:  3    Str:  9    XL:     7   Next: 62%
Magic:  8/12       EV: 13    Int: 19    God:    Elyvilon [......]
Gold:   250        SH:  0    Dex: 11    Spells: 8/13 levels left

rFire   x . .      SeeInvis .   p - +2 dagger (speed)
rCold   + . .      Faith    .   (no shield)
rNeg    . . .      Spirit   .   c - +2 hat
rPois   .          Reflect  .   (no amulet)
rElec   .          Harm     .   h - ring of ice
rCorr   .          Rampage  .   (no ring)
Will    .....                   (no ring)
Stlth   ++++......              (no ring)
HPRegen 0.13/turn               (no ring)
MPRegen 0.13/turn               (no ring)
                                (no ring)
                                (no ring)

@: no status effects
A: almost no armour, amphibious, 8 rings, camouflage 1, gelatinous body 1,
(nimble swimmer 1), tentacles
a: Renounce Religion


You were on level 5 of the Dungeon.
You worshipped Elyvilon.
Elyvilon was noncommittal.
You visited 1 branch of the dungeon, and saw 5 of its levels.

You collected 250 gold pieces.

Inventory:

Hand Weapons
 a - a +0 dagger
 p - a +2 dagger of speed (weapon)
Armour
 b - a +0 hat
 c - a +2 hat (worn)
 f - a +0 kite shield
Magical Staves
 o - a staff of air
Jewellery
 h - a ring of ice (left tentacle)
Wands
 l - a wand of iceblast (10)
Scrolls
 d - a scroll of silence
 e - a scroll of blinking
 i - a scroll of fog
 k - a scroll of immolation
Potions
 g - a potion of berserk rage {unknown}
 j - a potion of experience
 n - a potion of lignification {unknown}


   Skills:
 + Level 3.3 Dodging
 + Level 4.7 Stealth
 * Level 3.3 Shields
 + Level 3.9 Spellcasting
 + Level 2.8 Conjurations
 - Level 2.4 Summonings
 + Level 3.3 Translocations
 + Level 1.2 Invocations
 + Level 1.1 Evocations


You had 8 spell levels left.
You knew the following spells:

 Your Spells              Type           Power      Damage    Failure   Level
a - Magic Dart            Conj           56%        1d5       4%          1
b - Call Imp              Summ           12%        N/A       8%          2
c - Blink                 Tloc           32%        N/A       5%          2

Your spell library contained the following spells:

 Spells                   Type           Power      Damage    Failure   Level
 Gell's Gravitas          Tloc           16%        N/A       11%         3
 Teleport Other           Tloc           16%        N/A       11%         3
 Slow                     Hex            12%        N/A       14%         1
 Conjure Flame            Conj/Fire      9%         6-21      24%         3
 Mephitic Cloud           Conj/Pois/Air  7%         N/A       28%         3
 Dispersal                Tloc           8%         N/A       99%         6


Dungeon Overview and Level Annotations

Branches:
Dungeon (5/15)
 Temple: D:4-7

Altars:
Elyvilon
Trog
Wu Jian

Shops:
D:2 :

Annotations:
D:3 1 runed translucent door, Crazy Yiuf


Innate Abilities, Weirdness & Mutations

You cannot wear most types of armour.
You are amphibious.
You can wear up to eight rings at the same time.
Your skin changes colour to match your surroundings (Stealth+).
Your rubbery body absorbs attacks. (AC +1, EV +1)
((You are camouflaged near water. (Stealth+)))
You have tentacles for arms and can constrict up to eight enemies at once.


Message History

The sky beast is moderately wounded.
The sky beast misses you.
You hit the sky beast but do no damage.
The sky beast is moderately wounded.
You hit the sky beast but do no damage. Your squeeze misses the sky beast.
The sky beast is moderately wounded.
The sky beast hits you but does no damage.
You hit the sky beast.
The sky beast is moderately wounded.
The sky beast hits you. The sky beast shocks you.
You hit the sky beast.
The sky beast is heavily wounded.
You hit the sky beast.
The sky beast is heavily wounded.
The sky beast closely misses you.
You hit the sky beast but do no damage.
The sky beast is heavily wounded.
The sky beast hits you but does no damage.
You hit the sky beast but do no damage.
The sky beast is heavily wounded.
You barely miss the sky beast.
The sky beast is heavily wounded.
The sky beast hits you.
* * * LOW HITPOINT WARNING * * *
The sky beast shocks you.
* * * LOW HITPOINT WARNING * * *
You closely miss the sky beast.
The sky beast is heavily wounded.
The sky beast hits you but does no damage.
You closely miss the sky beast.
The sky beast is heavily wounded.
You closely miss the sky beast.
The sky beast is heavily wounded.
The sky beast barely misses you.
You closely miss the sky beast. Your squeeze misses the sky beast.
The sky beast is heavily wounded.
The sky beast hits you.
* * * LOW HITPOINT WARNING * * *
The sky beast shocks you.
You die...

######.# ####.####
#.......#
#.#####.# #
#.##### #.....#
#.###.#
..#####.###.#
........@##.#
..######Y##.#
#.##.# #.##.#
.######.##.#
.................#
≈.....#######.####
.≈.... #.# .≈....#
#.#


You could see a sky beast.

Vanquished Creatures
  A water moccasin (D:5)
  A necrophage (D:5)
  A centaur (D:5)
  3 orc wizards
  2 hound skeletons (D:4)
  3 adders
  A shadow imp (D:5)
  3 dart slugs (D:1)
  10 orcs
  3 bats
  6 endoplasms
  8 goblins
  4 hobgoblins
  4 jackals (D:4)
  8 kobolds
  6 ball pythons
  4 frilled lizards
  3 rats
71 creatures vanquished.

Vanquished Creatures (collateral kills)
  An ogre (D:4)
  A scorpion (D:4)
  An iguana (D:3)
  An adder (D:4)
  A dart slug (D:4)
  2 orcs (D:3)
  A ball python (D:3)
  5 endoplasms
  A giant cockroach (D:3)
  2 hobgoblins
  A quokka (D:4)
  2 bats
  A goblin (D:1)
  5 kobolds
  2 rats (D:3)
27 creatures vanquished.

Vanquished Creatures (others)
  13 plants (D:1)
13 creatures vanquished.

Grand Total: 111 creatures vanquished

Notes
Turn   | Place    | Note
-------+----------+-------------------------------------------
     0 | D:1      | gigimoi the Octopode Hedge Wizard began the quest for the
                  | Orb.
     0 | D:1      | Reached XP level 1. HP: 11/11 MP: 4/4
   326 | D:1      | Reached XP level 2. HP: 13/17 MP: 0/6
   386 | D:1      | Learned a level 2 spell: Call Imp
   532 | D:1      | Reached skill level 3 in Stealth
  1496 | D:1      | Reached XP level 3. HP: 21/21 MP: 3/7
  2175 | D:2      | Found a bloodstained altar of Trog.
  2320 | D:2      | Found Ruiw's Book Shoppe.
  2578 | D:2      | Reached XP level 4. HP: 27/27 MP: 3/8
  3339 | D:2      | Reached skill level 1 in Shields
  4050 | D:3      | Reached XP level 5. HP: 28/31 MP: 1/10
  4244 | D:3      | Learned a level 2 spell: Blink
  4884 | D:3      | Found a runed translucent door.
  4885 | D:3      | Noticed Crazy Yiuf
  5064 | D:4      | Noticed an ogre
  5725 | D:4      | Reached XP level 6. HP: 32/36 MP: 8/11
  5905 | D:4      | Reached skill level 4 in Stealth
  6263 | D:4      | Found a white marble altar of Elyvilon.
  6477 | D:4      | Became a worshipper of Elyvilon the Healer
  6500 | D:4      | Found an ornate altar of the Wu Jian Council.
  6970 | D:5      | Entered Level 5 of the Dungeon
  7169 | D:5      | Reached XP level 7. HP: 8/41 MP: 12/12
  7641 | D:5      | Noticed a yak
  7726 | D:5      | Noticed a yak
  8304 | D:5      | Reached skill level 1 in Invocations
  8304 | D:5      | Reached skill level 1 in Evocations
  8332 | D:5      | Slain by a sky beast

Illustrated notes

Levels and vault maps discovered:
D:1:      lemuel_arrival_hallway, layout_loops_corners, serial_park_tiny_pond,
          lexackson_kobold_supper
D:2:      layout_basic, serial_shops, nicolae_diamond_shop, basic_altar,
          grunt_decor_cap, kennysheep_cross_bottleneck
D:3:      layout_loops_corners, uniq_crazy_yiuf_cottage
D:4:      layout_layer_cave, mainiacjoe_overflow_two_lobes
D:5:      cheibrodos_helix_gallery, layout_loops_ring,
          nicolae_dithmenos_shadow_blocks, serial_shops, shop, uniq_edmund

Skill      XL: |  1  2  3  4  5  6  7 |
---------------+----------------------+-----
Stealth        | 3 4 |  4.7
Shields        | 1 2 3 |  3.3
Translocations | 2 3 |  3.3
Conjurations   | 2 |  2.8
Summonings     | 2 |  2.4
Dodging        | 3 |  3.3
Invocations    | 1 |  1.2
Evocations     | 1 |  1.1
Spellcasting   | |  3.9

Action                   |  1- 3 |  4- 6 |  7- 9 || total
-------------------------+-------+-------+-------++-------
Melee: Dagger            |    16 |    50 |    36 ||   102
       Constrict         |     3 |     9 |     3 ||    15
       Tentacles         |     3 |     5 |     2 ||    10
 Cast: Magic Dart        |    64 |   108 |    33 ||   205
       Call Imp          |    17 |    41 |       ||    58
       Blink             |       |       |     3 ||     3
  Use: Potion            |       |     1 |       ||     1
       Scroll            |       |     6 |     1 ||     7
 Stab: Distracted        |       |     2 |       ||     2
       Sleeping          |       |     1 |       ||     1
Armor: Skin              |       |    18 |     8 ||    26
Dodge: Dodged            |    20 |    67 |    18 ||   105

Table legend: (Time is in decaauts)
 A = Elapsed time spent in this place.
 B = Non-inter-level travel time spent in this place.
 C = Inter-level travel time spent in this place.
 D = Time resting spent in this place.
 E = Time spent auto-exploring this place.
 F = Levels seen in this place.
 G = Mean time per level.
                   A        B        C        D        E       F      G
               +--------+--------+--------+--------+--------+-----+--------+
         Total |   8318 |   7836 |    482 |   2815 |   4036 |   5 | 1663.6 |
       Dungeon |   8318 |   7836 |    482 |   2815 |   4036 |   5 | 1663.6 |
               +--------+--------+--------+--------+--------+-----+--------+

Top non-repeatable levels by time:
     D:3: 2141 daAuts
     D:1: 1830 daAuts
     D:4: 1790 daAuts
     D:2: 1361 daAuts
     D:5: 1195 daAuts
